 Dungeon Crawl Stone Soup version 0.28-a0-535-g6f645e4c1d (webtiles) character file.

Game seed: 12610452845775062365

20 omnomnOMINOUS the Conjurer (level 2, 0/18 HPs)
             Began as an Octopode Wanderer on Sept 26, 2021.
             Slain by a kobold (4 damage)
             ... on level 1 of the Dungeon.
             The game lasted 00:02:13 (447 turns).

omnomnOMINOUS the Conjurer (Octopode Wanderer)       Turns: 447, Time: 00:02:13

Health: 0/18       AC:  1    Str: 12    XL:     2   Next: 79%
Magic:  1/6        EV: 12    Int: 15    God:
Gold:   13         SH:  0    Dex:  9    Spells: 6/7 levels left

rFire   . . .      SeeInvis .   a - +2 dagger
rCold   . . .      Faith    .   (no shield)
rNeg    . . .      Spirit   .   (helmet restricted)
rPois   .          Reflect  .   (no amulet)
rElec   .          Harm     .   (no ring)
rCorr   .          Rampage  .   (no ring)
Will    .....                   (no ring)
Stlth   +++.......              (no ring)
HPRegen 0.06/turn               (no ring)
MPRegen 0.10/turn               (no ring)
                                (no ring)
                                (no ring)

@: no status effects
A: almost no armour, amphibious, 8 rings, camouflage 1, gelatinous body 1,
(nimble swimmer 1), tentacles
a: no special abilities


You were on level 1 of the Dungeon.
You visited 1 branch of the dungeon, and saw 1 of its levels.

You collected 13 gold pieces.

Inventory:

Hand Weapons
 a - a +2 dagger (weapon)
 b - a +0 trident
Missiles
 c - 10 stones
Potions
 d - a potion of haste


   Skills:
 + Level 0.9 Fighting
 + Level 1.0 Dodging
 - Level 2.6 Stealth
 - Level 3.0 Spellcasting
 + Level 3.2 Conjurations
 + Level 2.3 Earth Magic


You had 6 spell levels left.
You knew the following spells:

 Your Spells              Type           Power      Damage    Failure   Level
a - Sandblast             Erth           18%        2d7       8%          1

Your spell library contained the following spells:

 Spells                   Type           Power      Damage    Failure   Level
 Stone Arrow              Conj/Erth      20%        3d8       19%         3


Dungeon Overview and Level Annotations

Branches:
Dungeon (1/15)

Altars:


Innate Abilities, Weirdness & Mutations

You cannot wear most types of armour.
You are amphibious.
You can wear up to eight rings at the same time.
Your skin changes colour to match your surroundings (Stealth+).
Your rubbery body absorbs attacks. (AC +1, EV +1)
((You are camouflaged near water. (Stealth+)))
You have tentacles for arms and can constrict up to eight enemies at once.


Message History

An endoplasm comes into view.
The hobgoblin barely misses you.
The endoplasm quivers.
You hit the hobgoblin but do no damage. Your grab misses the hobgoblin.
The hobgoblin hits you.
You hit the endoplasm.
The endoplasm is almost dead.
The endoplasm barely misses you. The hobgoblin hits you. The kobold misses you.
Casting: Sandblast (safe; 8% risk of failure)
Confirm with . or Enter, or press ? or * to list all spells.
Aiming: Sandblast (safe; 8% risk of failure)
Press: ? - help, Shift-Dir - straight line, f - endoplasm, p - hobgoblin
Aim: an endoplasm (almost dead, 98% to hit)
The blast of sand hits the endoplasm.
You kill the endoplasm!
The kobold hits you but does no damage. The hobgoblin hits you.
Your Dodging skill increases to level 1!
A kobold comes into view. It is wielding a +0 club.
The kobold throws a stone.
The stone barely misses you.
Casting: Sandblast (safe; 8% risk of failure)
Confirm with . or Enter, or press ? or * to list all spells.
Aiming: Sandblast (safe; 8% risk of failure)
Press: ? - help, Shift-Dir - straight line, f - kobold
Aim: a kobold, wielding a +0 club and quivering stones (72% to hit)
The blast of sand hits the kobold.
The kobold is severely wounded.
The kobold throws a stone.
The stone hits you.
* * * LOW HITPOINT WARNING * * *
The kobold misses you.
Your magical contamination has completely faded away.
Casting: Sandblast (safe; 8% risk of failure)
Confirm with . or Enter, or press ? or * to list all spells.
Aiming: Sandblast (safe; 8% risk of failure)
Press: ? - help, Shift-Dir - straight line, f/p - kobold
Aim: a kobold, wielding a +0 club and quivering stones (severely wounded, 72% to hit)
The blast of sand hits the kobold.
You kill the kobold!
An endoplasm comes into view.
The kobold hits you with a +0 club.
You die...

#................
#.............###
#......###.#..# #
#........#.#....
.
#....).........##
#
#..)........##.#
#.g####.###..
##K# ..? . #@#
..)# #...)..###
#.###.... #.# J.
#.# ..# ... .##
##


You could see an endoplasm (wandering), a hobgoblin and a kobold.

Vanquished Creatures
  5 endoplasms (D:1)
  A giant cockroach (D:1)
  A hobgoblin (D:1)
  2 quokkas (D:1)
  2 bats (D:1)
  A frilled lizard (D:1)
  3 goblins (D:1)
  3 kobolds (D:1)
18 creatures vanquished.

Notes
Turn   | Place    | Note
-------+----------+-------------------------------------------
     0 | D:1      | omnomnOMINOUS the Octopode Wanderer began the quest for the
                  | Orb.
     0 | D:1      | omnomnOMINOUS set off with the following items: a +2
                  | dagger, a potion of haste; and the following spell
                  | memorised: Sandblast; and the following spells available to
                  | memorise: Stone Arrow
     0 | D:1      | Reached XP level 1. HP: 11/11 MP: 4/4
   236 | D:1      | Reached XP level 2. HP: 17/18 MP: 3/6
   445 | D:1      | Reached skill level 1 in Dodging
   447 | D:1      | Slain by a kobold

Illustrated notes

Levels and vault maps discovered:
D:1:      pf_arrival_petrified_forest, layout_basic,
          shapermc_ecumenical_altar_pompeii, minmay_octomino_c4

Skill      XL: |  1  2 |
---------------+-------+-----
Dodging        | 1 |  1.0
Fighting       | |  0.9
Stealth        | |  2.6
Spellcasting   | |  3.0
Conjurations   | |  3.2
Earth Magic    | |  2.3

Action                   || total
-------------------------++-------
Melee: Dagger            ||    19
       Constrict         ||     5
       Tentacles         ||     2
 Cast: Sandblast         ||    15
 Stab: Sleeping          ||     2
Armor: Skin              ||     4
Dodge: Dodged            ||    11

Table legend: (Time is in decaauts)
 A = Elapsed time spent in this place.
 B = Non-inter-level travel time spent in this place.
 C = Inter-level travel time spent in this place.
 D = Time resting spent in this place.
 E = Time spent auto-exploring this place.
 F = Levels seen in this place.
 G = Mean time per level.
                   A        B        C        D        E       F      G
               +--------+--------+--------+--------+--------+-----+--------+
         Total |    446 |    446 |      0 |    189 |    149 |   1 |  446.0 |
       Dungeon |    446 |    446 |      0 |    189 |    149 |   1 |  446.0 |
               +--------+--------+--------+--------+--------+-----+--------+

Top non-repeatable levels by time:
     D:1: 446 daAuts
